 Dungeon Crawl Stone Soup version 0.30-a0-613-gdd512c7efb (webtiles) character file.

Game seed: 5097637970146401850

40 bmack86 the Trooper (level 3, 0/34 HPs)
             Began as a Minotaur Fighter on Jan 8, 2023.
             Succumbed to a goblin's poison
             ... on level 3 of the Dungeon.
             The game lasted 00:02:05 (647 turns).

bmack86 the Trooper (Minotaur Fighter)               Turns: 647, Time: 00:02:06

Health: 0/34       AC:  7    Str: 22    XL:     3   Next: 30%
Magic:  2/2        EV:  9    Int:  5    God:
Gold:   34         SH:  4    Dex:  9    Spells: 2/2 levels left

rFire   . . .      SeeInvis .    a - +0 war axe
rCold   . . .      Faith    .    c - +0 buckler
rNeg    . . .      Spirit   .    b - +0 scale mail
rPois   .          Reflect  .    (helmet restricted)
rElec   .          Harm     .    (no cloak)
rCorr   .          Rampage  .    (no gloves)
Will    .....                    (no boots) Stlth
                                 (no amulet)
HPRegen 0.25/turn                (no ring)
MPRegen 0.08/turn                (no ring)

@: lethally poisoned (0 -> -30)
A: horns 2, retaliatory headbutt
a: no special abilities


You were on level 3 of the Dungeon.
You visited 1 branch of the dungeon, and saw 3 of its levels.

You collected 34 gold pieces.

Inventory:

Hand Weapons
 a - a +0 war axe (weapon)
Missiles
 g - 4 poisoned darts (quivered)
Armour
 b - a +0 scale mail (worn)
 c - a +0 buckler (worn)
Jewellery
 i - a ring of willpower
Scrolls
 j - a scroll of vulnerability
 l - a scroll of enchant weapon {unknown}
 m - a scroll of magic mapping
Potions
 d - a potion of might
 e - a potion of ambrosia {unknown}
 f - a potion of attraction {unknown}
 h - a potion of curing {unknown}
 k - a potion of degeneration {unknown}


   Skills:
 * Level 4.3 Fighting
 * Level 3.3 Axes
 + Level 0.2 Throwing
 + Level 3.8 Armour
 + Level 3.9 Shields


You had 2 spell levels left.
You didn't know any spells.
Your spell library contained the following spells:

 Spells                   Type           Power      Damage    Failure   Level
 Beastly Appendage        Tmut           0%         N/A       87%         1
 Wereblood                Tmut           0%         N/A       95%         2
 Spider Form              Tmut/Pois      0%         N/A       99%         3


Dungeon Overview and Level Annotations

Branches:
Dungeon (2/15)

Altars:

Annotations:
D:3 Robin


Innate Abilities, Weirdness & Mutations

You have a pair of horns on your head.
You reflexively headbutt those who attack you in melee.


Message History

The goblin hits you with a +0 club.
You hit the goblin.
You kill the goblin!
Robin of the Strong Arm comes into view.
They are wielding a +0 dagger.
The goblin unwields a +0 dagger.
The goblin wields a +0 sling.
The goblin shoots a sling bullet.
You block the sling bullet.
You see here a +0 club.
You barely miss the goblin.
The goblin unwields a +0 sling.
The goblin wields a +0 dagger.
You block the goblin's attack.
A hobgoblin comes into view.
Robin roars a battlecry!
The goblins go into a battle-frenzy!
The goblin hits you with a +2 dagger of venom.
You are poisoned.
You hear a shout!
You miss the goblin. You hit the goblin.
You feel very sick. You block the goblin's attack.
The goblin hits you but does no damage.
You are more poisoned.
The goblin barely misses you.
You hit the goblin. Your headbutt misses the goblin.
The goblin is severely wounded.
You closely miss the goblin.
You feel very sick.
A hobgoblin comes into view.
The goblin hits you with a +2 dagger of venom.
You are lethally poisoned!
The goblin hits you with a +0 dagger.
You hit the goblin.
You kill the goblin!
You barely miss the goblin.
* * * LOW HITPOINT WARNING * * *
You feel extremely sick. Robin throws the goblin at you!
The goblin hits you but does no damage.
You are more poisoned.
The goblin hits you with a +2 dagger of venom.
* * * LOW HITPOINT WARNING * * *
You are more poisoned.
A hobgoblin comes into view.
You die...

.. ##.# .... #..# #.
##..# #. #.#
...####.###.##
###.###............#
...gg.g@.# #.##..#
###g###).#####.##..#
###g#.....##..#
#..........#..####
#.#.....##.......#
#.#....#...#..##.#
#..#..#.......#
#...###........#
#... ##...#..##


You could see Robin, 3 hobgoblins and a goblin (strong).

Vanquished Creatures
  3 ball pythons
  An endoplasm (D:1)
  A giant cockroach (D:2)
  6 goblins
  4 hobgoblins (D:1)
  6 jackals (D:1)
  6 kobolds
  A bat (D:2)
  2 frilled lizards (D:1)
  3 rats
33 creatures vanquished.

Notes
Turn   | Place    | Note
-------+----------+-------------------------------------------
     0 | D:1      | bmack86 the Minotaur Fighter began the quest for the Orb.
     0 | D:1      | Reached XP level 1. HP: 19/19 MP: 0/0
   102 | D:1      | Reached XP level 2. HP: 24/27 MP: 1/1
   130 | D:1      | Reached skill level 4 in Fighting
   388 | D:1      | Reached XP level 3. HP: 33/33 MP: 2/2
   623 | D:2      | You fall into a shaft and drop 1 floor!
   641 | D:3      | Noticed Robin
   647 | D:3      | Succumbed to a goblin's poison

Illustrated notes

Levels and vault maps discovered:
D:1:      matt_arrival_refuge, layout_rooms, serial_curves, eino_curves_01,
          eino_curves_02, minmay_misc_feat_five
D:2:      layout_loops_cross, minmay_misc_feat_doors
D:3:      layout_loops_ring, grunt_temple_overflow_diamond,
          minmay_misc_feat_chi, uniq_robin, uniq_sigmund

Skill      XL: |  1  2 |
---------------+-------+-----
Fighting       | 4 |  4.3
Axes           | 3 |  3.3
Throwing       | |  0.2
Armour         | |  3.8
Shields        | |  3.9

Action                   || total
-------------------------++-------
Melee: War axe           ||    51
       Headbutt          ||     4
  Use: Scroll            ||     2
Armor: Scale mail        ||    42
Dodge: Dodged            ||    28
Block: Buckler           ||    20

Table legend: (Time is in decaauts)
 A = Elapsed time spent in this place.
 B = Non-inter-level travel time spent in this place.
 C = Inter-level travel time spent in this place.
 D = Time resting spent in this place.
 E = Time spent auto-exploring this place.
 F = Levels seen in this place.
 G = Mean time per level.
                   A        B        C        D        E       F      G
               +--------+--------+--------+--------+--------+-----+--------+
         Total |    666 |    666 |      0 |      0 |    392 |   3 |  222.0 |
       Dungeon |    666 |    666 |      0 |      0 |    392 |   3 |  222.0 |
               +--------+--------+--------+--------+--------+-----+--------+

Top non-repeatable levels by time:
     D:1: 532 daAuts
     D:2: 107 daAuts
     D:3: 26 daAuts
